 Dungeon Crawl Stone Soup version 0.19.1 (webtiles) character file.

1301 CountDeLaPain the Ruffian (level 8, -2/74 HPs)
             Began as a Troll Hunter on Dec 24, 2016.
             Was a Believer of Okawaru.
             Slain by a killer bee (3 damage)
             ... on level 7 of the Dungeon.
             The game lasted 00:12:37 (4290 turns).

CountDeLaPain the Ruffian (Troll Hunter)            Turns: 4290, Time: 00:12:38

Health: -2/74      AC:  6    Str: 26    XL:     8   Next: 31%
Magic:  7/7        EV: 11    Int:  8    God:    Okawaru [**....]
Gold:   376        SH:  0    Dex: 11    Spells: 0 memorised, 7 levels left

rFire  . . .     SeeInvis .       - Unarmed
rCold  . . .     Gourm    +     n - +0 robe (curse)
rNeg   . . .     Faith    .     (no shield)
rPois  .         Spirit   .     (helmet restricted)
rElec  .         Reflect  .     A - +0 cloak
rCorr  .         Harm     .     (gloves unavailable)
MR     .....                    (boots unavailable)
Stlth  +.........               (no amulet)
                                (no ring)
                                (no ring)

@: mighty, lethally poisoned (-2 -> -16)
A: unfitting armour, claws 3, fast metabolism 3, gourmand, regeneration 1,
shaggy fur 1, tough skin 2
a: Heroism, Renounce Religion


You were on level 7 of the Dungeon.
You worshipped Okawaru.
Okawaru was pleased with you.
You were completely stuffed.

You visited 1 branch of the dungeon, and saw 7 of its levels.

You collected 376 gold pieces.

Inventory:

Hand Weapons
 a - a +0 short sword
Missiles
 c - 3 large rocks (quivered)
 d - a throwing net
Armour
 b - a +0 robe
 n - a cursed +0 robe (worn)
 A - a +0 cloak (worn)
Jewellery
 o - an uncursed ring of ice
 y - an uncursed amulet of the gourmand {unknown}
 z - an uncursed amulet of magic regeneration {unknown}
Wands
 r - a wand of disintegration (9/24)
Scrolls
 e - 2 scrolls of noise {unknown}
 h - 3 scrolls of remove curse
 k - 3 scrolls of identify
 p - a scroll of recharging {unknown}
 t - 4 scrolls of fear {unknown}
 u - a scroll of fog {unknown}
 v - 2 scrolls of immolation {unknown}
 w - a scroll of blinking {unknown}
Potions
 l - a potion of curing {unknown}
 m - a potion of brilliance {unknown}
 q - 2 potions of invisibility
 s - a potion of agility {unknown}
 B - a potion of heal wounds {unknown}
Comestibles
 f - 8 bread rations
 g - 2 meat rations
 i - 2 slices of pizza
 j - a royal jelly
 C - a beef jerky


   Skills:
 + Level 2.7 Fighting
 + Level 5.0 Throwing
 + Level 3.8 Dodging
 - Level 0.3 Stealth
 + Level 7.7 Unarmed Combat


You had 7 spell levels left.
You didn't know any spells.

Dungeon Overview and Level Annotations

Branches:
Dungeon (7/15)
 Temple: D:4-7

Altars:
Cheibriados
Fedhas
Kikubaaqudgha
Nemelex Xobeh
Okawaru
Trog
Zin


Innate Abilities, Weirdness & Mutations

You are too large for most types of armour.
You have claws for hands.
Your metabolism is lightning-fast.
You like to eat raw meat.
Your natural rate of healing is unusually fast.
You are covered in fur. (AC +1)
You have very tough skin. (AC +2)


Message History

You feel sick. The killer bee closely misses you.
The killer bee barely misses you.
You closely miss the killer bee. Your claw misses the killer bee.
The killer bee is severely wounded.
You feel sick. The killer bee barely misses you.
The killer bee closely misses you.
You barely miss the killer bee.
The killer bee is severely wounded.
You feel sick. The killer bee stings you.
* * * LOW HITPOINT WARNING * * *
The killer bee stings you!
* * * LOW HITPOINT WARNING * * *
You are more poisoned.
The killer bee poisons you!
It was a potion of might.
You feel very mighty all of a sudden.
* * * LOW HITPOINT WARNING * * *
You feel very sick. The killer bee stings you.
You die...

##### #+# ###
#.###...###.####....
.............y......
............@†(...!.
.#####'###+####..##
##..##..####..###.
#....#>....#......
#....#.....#..... .
##..##.....+...##### .#
#..##....##...##..###..#
#..##....##...##........
...##.......................


You could see a killer bee.

Vanquished Creatures
  An ice beast (D:6)
  2 ogres
  A bullfrog (D:6)
  A water moccasin skeleton (D:6)
  2 killer bees (D:7)
  5 wights (D:6)
  2 howler monkeys
  A bullfrog zombie (D:5)
  A crimson imp (D:5)
  A hound (D:5)
  Crazy Yiuf (D:5)
  2 orc wizards
  2 bullfrog skeletons
  An iguana (D:6)
  3 worker ants
  A hound skeleton (D:6)
  A worker ant zombie (D:7)
  A howler monkey skeleton (D:4)
  7 adders
  An adder skeleton (D:6)
  An adder zombie (D:7)
  A worm (D:3)
  4 dart slugs (D:1)
  3 leopard geckos
  11 orcs
  6 bats
  5 giant cockroaches
  11 hobgoblins
  14 jackals
  8 kobolds
  5 frilled lizards
  6 goblins
  5 rats
117 creatures vanquished.

Notes
Turn   | Place    | Note
-------+----------+-------------------------------------------
     0 | D:1      | CountDeLaPain the Troll Hunter began the quest for the Orb.
     0 | D:1      | Reached XP level 1. HP: 19/19 MP: 0/0
   113 | D:1      | Reached XP level 2. HP: 27/27 MP: 1/1
   422 | D:1      | Reached XP level 3. HP: 30/33 MP: 2/2
  1124 | D:2      | Reached skill level 1 in Unarmed Combat
  1161 | D:2      | Reached XP level 4. HP: 33/42 MP: 3/3
  1392 | D:3      | Found a snail-covered altar of Cheibriados.
  1452 | D:3      | Reached skill level 2 in Unarmed Combat
  1796 | D:3      | Reached XP level 5. HP: 33/49 MP: 4/4
  2310 | D:3      | Reached skill level 3 in Unarmed Combat
  2653 | D:4      | Found a glowing silver altar of Zin.
  2704 | D:4      | Noticed an ogre
  2709 | D:4      | Killed an ogre
  2709 | D:4      | Reached skill level 4 in Unarmed Combat
  2709 | D:4      | Reached XP level 6. HP: 57/57 MP: 5/5
  2767 | D:5      | Entered Level 5 of the Dungeon
  2852 | D:5      | Found an iron altar of Okawaru.
  2892 | D:5      | Became a worshipper of Warmaster Okawaru
  3015 | D:5      | Found a runed door.
  3178 | D:5      | Reached skill level 5 in Unarmed Combat
  3235 | D:5      | Reached XP level 7. HP: 36/66 MP: 6/6
  3405 | D:5      | Noticed Crazy Yiuf
  3408 | D:5      | Killed Crazy Yiuf
  3474 | D:6      | Found a sparkling altar of Nemelex Xobeh.
  3492 | D:6      | Reached * piety under Okawaru
  3507 | D:6      | Reached skill level 6 in Unarmed Combat
  3710 | D:6      | Found a blossoming altar of Fedhas.
  3721 | D:6      | Found an ancient bone altar of Kikubaaqudgha.
  3861 | D:6      | Reached XP level 8. HP: 74/74 MP: 7/7
  3928 | D:6      | Found a bloodstained altar of Trog.
  3983 | D:6      | Reached ** piety under Okawaru
  3983 | D:6      | Reached skill level 5 in Throwing
  3983 | D:6      | Reached skill level 7 in Unarmed Combat
  4290 | D:7      | HP: 1/74 [poisoned by a killer bee]
  4290 | D:7      | Slain by a killer bee

Skill      XL: |  1  2  3  4  5  6  7  8 |
---------------+-------------------------+-----
Throwing       | 4 5 |  5.0
Dodging        | 2 3 |  3.8
Unarmed Combat | 1 2 4 5 6 7 |  7.7
Fighting       | 2 |  2.7
Stealth        | |  0.3

Action                   |  1- 3 |  4- 6 |  7- 9 || total
-------------------------+-------+-------+-------++-------
Melee: Unarmed           |   102 |   120 |    93 ||   315
       Punch             |       |     2 |     1 ||     3
Throw: Large rock        |       |     9 |     9 ||    18
       Throwing net      |       |       |     1 ||     1
  Use: Scroll            |     1 |     1 |       ||     2
       Potion            |       |       |     1 ||     1
  Eat: Chunk             |    16 |    19 |    10 ||    45
Armor: Robe              |    42 |    39 |    25 ||   106
Dodge: Dodged            |    53 |    67 |    54 ||   174
